 Dungeon Crawl Stone Soup version 0.29-a0-338-g1ff7896281 (webtiles) character file.

Game seed: 8323935436952221711

114 zeratav the Sneak (level 4, -2/22 HPs)
             Began as a Vine Stalker Enchanter on Apr 18, 2022.
             Slain by an ogre
             ... wielding a +0 giant club
              (24 damage)
             ... on level 3 of the Dungeon.
             The game lasted 00:04:00 (2617 turns).

zeratav the Sneak (Vine Stalker Enchanter)          Turns: 2617, Time: 00:04:01

Health: -2/22      AC: 10    Str: 10    XL:     4   Next: 98%
Magic:  0/8        EV: 12    Int: 15    God:
Gold:   147        SH:  0    Dex: 17    Spells: 5/7 levels left

rFire   . . .      SeeInvis .   j - +3 short sword {short}
rCold   . . .      Faith    .   (no shield)
rNeg    . . .      Spirit   +   b - +0 robe
rPois   .          Reflect  .   (no helmet)
rElec   .          Harm     .   (no cloak)
rCorr   .          Rampage  .   (no gloves)
Will    .....                   (no boots)
Stlth   +++.......              (no amulet)
HPRegen 0.87/turn               g - +4 ring of protection
MPRegen 0.11/turn               x - +4 ring of protection

@: no status effects
A: fangs 2, regeneration 1, magic shield, antimagic bite, no potion heal 2
a: no special abilities


You were on level 3 of the Dungeon.
You visited 1 branch of the dungeon, and saw 3 of its levels.

You collected 147 gold pieces.


Innate Abilities, Weirdness & Mutations

You have extremely sharp teeth.
Your natural rate of healing is unusually fast.
When hurt, damage is shared between your health and your magic reserves.
Your bite disrupts and absorbs the magic of your enemies.
Potions cannot restore your health.


   Skills:
 + Level 1.3 Fighting
 * Level 2.4 Short Blades
 + Level 0.9 Armour
 - Level 1.5 Dodging
 + Level 4.3 Stealth
 - Level 2.1 Spellcasting
 + Level 3.6 Hexes


You had 5 spell levels left.
You knew the following spells:

 Your Spells              Type           Power      Damage    Failure   Level
a - Ensorcelled Hibernat  Hex/Ice        14%        N/A       16%         2

Your spell library contained the following spells:

 Spells                   Type           Power      Damage    Failure   Level
 Confusing Touch          Hex            12%        N/A       14%         3
 Tukima's Dance           Hex            12%        N/A       14%         3
 Shock                    Conj/Air       4%         1d3       22%         1
 Dazzling Flash           Conj/Hex       14%        N/A       30%         3
 Swiftness                Air            1%         N/A       54%         3
 Airstrike                Air            0%         N/A       91%         4

Inventory:

Hand Weapons
 a - a +1 dagger {short}
 j - a +3 short sword (weapon) {short}
   (You found it on level 1 of the Dungeon)
Armour
 b - a +0 robe (worn)
 e - a +0 ring mail
   (You found it on level 1 of the Dungeon)
 m - a +0 leather armour
   (You found it on level 1 of the Dungeon)
 r - a +0 robe
   (You found it on level 2 of the Dungeon)
 t - a +0 ring mail
   (You found it on level 2 of the Dungeon)
 v - a +0 ring mail
   (You found it on level 2 of the Dungeon)
 z - a +0 buckler
   (You found it on level 3 of the Dungeon)
Jewellery
 g - a +4 ring of protection (left hand)
   (You found it on level 1 of the Dungeon)
 w - a +4 ring of slaying
   (You found it on level 2 of the Dungeon)
 x - a +4 ring of protection (right hand)
   (You found it on level 3 of the Dungeon)
Scrolls
 d - a scroll of immolation {unknown}
 h - a scroll of amnesia {unknown}
 k - 2 scrolls of teleportation {unknown}
 o - 3 scrolls of identify {unknown}
 p - a scroll of fog {unknown}
 u - a scroll of enchant armour {unknown}
 y - a scroll of fear {unknown}
Potions
 c - 2 potions of invisibility
 f - a potion of heal wounds {unknown}
 i - 2 potions of degeneration {unknown}
 l - a potion of magic {unknown}
 n - a potion of flight {unknown}
 q - 2 potions of lignification {unknown}
 s - 2 potions of curing {unknown}

Dungeon Overview and Level Annotations

Branches:
Dungeon (3/15)

Altars:

.###
#..####..#####.##........ .#
##................####### .#
###.............##.# .#
#...##.....#....##.# .#
#.####......†#..##.# .# #.#
#...÷.###..##.# .# #.#
#.....# #..##.# . .##
#<#####.#O## #..##.# ##..
..# ##....##..@##
##.##.##...# #.#
#...........## ####..... #.#
#............# ##..# #.#
##............#####...# #.#
#.........>....>.....#######
#.#
#.#..........###..##........
#.# #.##...##...##
#.###........ #.##
#.#####...### #.# #........
#..# .##...<### #.#
#........


You could see an ogre.


Message History

An endoplasm is nearby!
An ogre comes into view. It is wielding a +0 giant club.
The ogre shouts!
A quokka comes into view.
The endoplasm quivers.
You puncture the endoplasm!
You kill the endoplasm!
You hit the ogre. The ogre barely misses you.
You hit the ogre. You bite the ogre, but do no damage.
The quokka bites you but does no damage.
The ogre hits you with a +0 giant club!!
Ouch! That really hurt!
* * * LOW HITPOINT WARNING * * *
You are too injured to fight recklessly!
HP[-20] MP[-7]
You take 20 damage, and now have 2/22 hp.
MASSIVE DAMAGE!! (PAUSE)
You lost 7 mp, and now have 1/8 mp.
You are too injured to fight recklessly!
You are too injured to fight recklessly!
You are too injured to fight recklessly!
You are too injured to fight recklessly!
You are too injured to fight recklessly!
You are too injured to fight recklessly!
You are too injured to fight recklessly!
You are too injured to fight recklessly!
You are too injured to fight recklessly!
HP[+1]
The quokka attacks as you move away!
The quokka bites you but does no damage.
HP[+1]
The quokka attacks as you move away!
The quokka bites you but does no damage.
HP[+1]
The quokka attacks as you move away! The quokka barely misses you.
The quokka closely misses you.
HP[+1]
There is a stone staircase leading down here.
HP[+1] HP[+1]
The quokka attacks as you move away! The quokka closely misses you.
HP[+1]
The quokka barely misses you.
HP[+1] MP[+1]
The quokka attacks as you move away! The quokka barely misses you.
There is a stone staircase leading down here.
HP[+1] HP[+1] HP[+1] HP[+1]
The quokka attacks as you move away!
The quokka bites you but does no damage.
The quokka bites you.
HP[-1]
You take 1 damage, and now have 13/22 hp.
HP[+1]
The quokka attacks as you move away! The quokka closely misses you.
There is a stone staircase leading up here.
HP[+1]
The quokka closely misses you.
You climb upwards.
There is a stone staircase leading down here.
HP[+2] MP[+1]
You regained 2 hp, and now have 17/22 hp.
You miss the quokka.
The quokka bites you but does no damage. x2
HP[+1]
You puncture the quokka!
You kill the quokka!
HP[+1] HP[+1]
You start resting.
HP[+2]
Your hp is fully restored (22).
You start resting.
MP[+5]
Your mp is fully restored (8).
There is a stone staircase leading down here.
You climb downwards.
There is a stone staircase leading up here.
There is a stone staircase leading down here.
An ogre is nearby!
Casting: Ensorcelled Hibernation (safe; 16% risk of failure)
Confirm with . or Enter, or press ? or * to list all spells.
Aiming: Ensorcelled Hibernation (safe; 16% risk of failure)
Press: ? - help, Shift-Dir - straight line, f - ogre
Aim: an ogre, wielding a +0 giant club (lightly wounded, chance to affect: 40%)
The ogre looks drowsy...
MP[-2]
You lost 2 mp, and now have 6/8 mp.
The ogre shouts!
The ogre misses you.
Things that are here:
a +0 club {mace}; a kobold skeleton You hit the ogre.
You bite the ogre. You drain its power.
You feel invigorated.
MP[+1]
You hit the ogre. You bite the ogre. You drain its power.
You feel invigorated.
The ogre hits you with a +0 giant club!!
Ouch! That really hurt!
You die...

Skill      XL: |  1  2  3 |
---------------+----------+-----
Short Blades   | 1 2 |  2.4
Stealth        | 4 |  4.3
Fighting       | 1 |  1.3
Armour         | |  0.9
Dodging        | |  1.5
Spellcasting   | |  2.1
Hexes          | |  3.6

Action                   |  1- 3 |  4- 6 || total
-------------------------+-------+-------++-------
Melee: Dagger            |    40 |       ||    40
       Punch             |     2 |       ||     2
       Bite              |    14 |    11 ||    25
       Short sword       |    54 |    39 ||    93
 Cast: Ensorcelled Hiber |     1 |     3 ||     4
 Stab: Sleeping          |    12 |     3 ||    15
Armor: Robe              |    17 |    10 ||    27
Dodge: Dodged            |    50 |    26 ||    76

Levels and vault maps discovered:
D:1:      dpeg_arrival_simpleton_b, layout_basic, kennysheep_decorative_pillar,
          minmay_unequal
D:2:      layout_basic, ebering_ecumenical_altar_abandoned,
          dreamdust_wishing_well, minmay_quadrilaterals
D:3:      lemuel_castle_with_subvaults [lemuel_castle_interior_carwin_3],
          layout_rooms, kennysheep_path_1

Notes
Turn   | Place    | Note
-------+----------+-------------------------------------------
     0 | D:1      | zeratav the Vine Stalker Enchanter began the quest for the
                  | Orb.
     0 | D:1      | Reached XP level 1. HP: 9/9 MP: 4/4
     0 | D:1      | magus.rc [v1.9.6]
    21 | D:1      | Reached skill level 1 in Short Blades
   128 | D:1      | HP: 2/9 [endoplasm (3)]
   131 | D:1      | Reached XP level 2. HP: 2/14 MP: 1/6
   436 | D:1      | Learned a level 2 spell: Ensorcelled Hibernation
   752 | D:1      | Reached skill level 4 in Stealth
   802 | D:1      | Reached XP level 3. HP: 16/17 MP: 7/7
  1426 | D:2      | Reached skill level 1 in Fighting
  1567 | D:2      | Reached skill level 2 in Short Blades
  1749 | D:2      | Found a faded altar of an unknown god.
  1756 | D:2      | Gained mutation: Your natural rate of healing is unusually
                  | fast. [Vine Stalker growth]
  1756 | D:2      | Reached XP level 4. HP: 22/22 MP: 8/8
  1766 | D:2      | You pick up a book of Air and begin reading...
  1766 | D:2      | You add the spells Shock, Swiftness and Airstrike to your
                  | library.
  2511 | D:3      | Noticed an ogre
  2516 | D:3      | HP: 2/22 [ogre/+0 giant club (20)]
  2617 | D:3      | Slain by an ogre

Vanquished Creatures
  An iguana (D:2)
  A gnoll (D:3)
  An adder (D:2)
  3 dart slugs
  5 ball pythons
  7 endoplasms
  3 giant cockroaches (D:1)
  3 goblins (D:1)
  7 hobgoblins
  3 jackals (D:3)
  7 kobolds
  5 quokkas
  3 bats
  6 frilled lizards
  4 rats
59 creatures vanquished.

Vanquished Creatures (others)
  A plant (D:3)
1 creature vanquished.

Grand Total: 60 creatures vanquished

Table legend:
 A = Non-vault XP
 B = Vault XP
 C = Vault XP percentage of total XP
 D = Non-vault monster count
 E = Vault monster count
 F = Vault count percentage of total count
                 A         B        C        D         E       F
            +---------+---------+-------+---------+---------+-------
      Total |      99 |      65 |  39.6 |      48 |      11 |  18.6
            +---------+---------+-------+---------+---------+-------
        D:1 |      44 |       4 |   8.3 |      22 |       3 |  12.0
        D:2 |      42 |      41 |  49.4 |      18 |       4 |  18.2
        D:3 |      13 |      20 |  60.6 |       8 |       4 |  33.3
            +---------+---------+-------+---------+---------+-------

Illustrated notes

Table legend:
 A = Kills in this place as a percentage of kills in entire the game.
 B = Kills by you in this place as a percentage of kills by you in the entire game.
 C = Kills by friends in this place as a percentage of kills by friends in the entire game.
 D = Other kills in this place as a percentage of other kills in the entire game.
 E = Experience gained in this place as a percentage of experience gained in the entire game.
 F = Experience gained in this place divided by the number of levels of this place that you have seen.
                   A       B       C       D       E      F
               +-------+-------+-------+-------+-------+----------------------
         Total | 100.0 | 100.0 |   N/A |   N/A | 100.0 |  54.7
       Dungeon | 100.0 | 100.0 |   N/A |   N/A | 100.0 |  54.7
               +-------+-------+-------+-------+-------+----------------------

Table legend: (Time is in decaauts)
 A = Elapsed time spent in this place.
 B = Non-inter-level travel time spent in this place.
 C = Inter-level travel time spent in this place.
 D = Time resting spent in this place.
 E = Time spent auto-exploring this place.
 F = Levels seen in this place.
 G = Mean time per level.
                   A        B        C        D        E       F      G
               +--------+--------+--------+--------+--------+-----+--------+
         Total |   2611 |   2518 |     93 |     42 |   2046 |   3 |  870.3 |
       Dungeon |   2611 |   2518 |     93 |     42 |   2046 |   3 |  870.3 |
               +--------+--------+--------+--------+--------+-----+--------+

Top non-repeatable levels by time:
     D:1: 1351 daAuts
     D:2: 992 daAuts
     D:3: 267 daAuts
